 Dungeon Crawl Stone Soup version 0.28-a0-872-g80cf8599ee (webtiles) character file.

Game seed: 10906578849077706193

9 frimble the Skirmisher (level 2, 0/26 HPs)
             Began as a Minotaur Warper on Nov 20, 2021.
             Hit by a stone thrown by a kobold (2 damage)
             ... on level 1 of the Dungeon.
             The game lasted 00:00:57 (314 turns).

frimble the Skirmisher (Minotaur Warper)             Turns: 314, Time: 00:00:58

Health: 0/26       AC:  3    Str: 15    XL:     2   Next: 3%
Magic:  3/3        EV: 11    Int: 10    God:
Gold:   17         SH:  0    Dex:  9    Spells: 3/3 levels left

rFire   . . .      SeeInvis .   a - +0 hand axe
rCold   . . .      Faith    .   (no shield)
rNeg    . . .      Spirit   .   b - +0 leather armour
rPois   .          Reflect  .   (helmet restricted)
rElec   .          Harm     .   (no cloak)
rCorr   .          Rampage  .   (no gloves)
Will    .....                   (no boots)
Stlth   +.........              (no amulet)
HPRegen 0.08/turn               (no ring)
MPRegen 0.08/turn               (no ring)

@: no status effects
A: horns 2, retaliatory headbutt
a: no special abilities


You were on level 1 of the Dungeon.
You visited 1 branch of the dungeon, and saw 1 of its levels.

You collected 17 gold pieces.

Inventory:

Hand Weapons
 a - a +0 hand axe (weapon)
Missiles
 d - 4 boomerangs of dispersal (quivered)
Armour
 b - a +0 leather armour (worn)


   Skills:
 + Level 3.0 Fighting
 - Level 2.8 Axes
 - Level 1.0 Throwing
 - Level 1.2 Armour
 - Level 2.2 Dodging
 - Level 1.4 Spellcasting
 - Level 2.2 Translocations


You had 3 spell levels left.
You didn't know any spells.
Your spell library contained the following spells:

 Spells                   Type           Power      Damage    Failure   Level
 Blink                    Tloc           10%        N/A       26%         2
 Gell's Gravitas          Tloc           5%         N/A       45%         3
 Lesser Beckoning         Tloc           5%         N/A       45%         3
 Teleport Other           Tloc           5%         N/A       45%         3
 Manifold Assault         Tloc           5%         N/A       99%         5


Dungeon Overview and Level Annotations

Branches:
Dungeon (1/15)

Altars:


Innate Abilities, Weirdness & Mutations

You have a pair of horns on your head.
You reflexively headbutt those who attack you in melee.


Message History

You hit the endoplasm.
You kill the endoplasm!
The kobold throws a stone.
The stone hits you but does no damage.
Your Fighting skill increases to level 3!
You have reached level 2!
You barely miss the kobold.
The kobold hits you with a +0 short sword.
* * * LOW HITPOINT WARNING * * *
You barely miss the kobold. Your headbutt misses the kobold.
The kobold hits you with a +0 short sword.
* * * LOW HITPOINT WARNING * * *
You miss the kobold.
The kobold hits you with a +0 short sword.
* * * LOW HITPOINT WARNING * * *
The kobold hits you with a +0 short sword.
* * * LOW HITPOINT WARNING * * *
The kobold throws a stone.
The stone closely misses you. The kobold barely misses you.
You aren't carrying any potions.
Throw: 5 boomerangs (disperse)
Press: ? - help, Q - select action Shift-Dir - straight line, f - kobold
Aim: a kobold, wielding a +0 short sword (45% to hit)
You throw a boomerang of dispersal.
The boomerang of dispersal hits the kobold but does no damage.
The kobold throws a stone.
The stone hits you.
* * * LOW HITPOINT WARNING * * *
You barely miss the kobold. The kobold closely misses you.
You furiously retaliate!
You headbutt the kobold, but do no damage.
An endoplasm comes into view.
The endoplasm quivers.
You see here a +0 dagger.
You aren't carrying any potions.
Blink to where?
Press: ? - help, Dir - move target, p - kobold
As you read the scroll of blinking, it crumbles to dust.
The kobold throws a stone.
The stone closely misses you.
The kobold throws a stone.
The stone hits you but does no damage.
The kobold throws a stone.
The stone hits you.
You die...

#........
#........
##........
##........
##.......#
#.......#
#.......#
####...@...#
...........#
...#.......##.#
# #..........#
#().....####
#...K...####
##..........
####
##...K..##)
V#O#####
#...).#.# ..


You could see 2 kobolds.

Vanquished Creatures
  A dart slug (D:1)
  2 endoplasms (D:1)
  A goblin (D:1)
  A kobold (D:1)
  2 rats (D:1)
7 creatures vanquished.

Notes
Turn   | Place    | Note
-------+----------+-------------------------------------------
     0 | D:1      | frimble the Minotaur Warper began the quest for the Orb.
     0 | D:1      | Reached XP level 1. HP: 18/18 MP: 1/1
     2 | D:1      | Noticed a demigod
     4 | D:1      | Noticed a minotaur
     4 | D:1      | Noticed an octopode
     6 | D:1      | Noticed a merfolk
     8 | D:1      | Noticed a ghoul
     8 | D:1      | Noticed a demonspawn
    10 | D:1      | Noticed an elf
    12 | D:1      | Noticed a spriggan
    12 | D:1      | Noticed a dwarf
    14 | D:1      | Noticed a naga
    14 | D:1      | Noticed a draconian
    18 | D:1      | Noticed a felid
    18 | D:1      | Noticed a tengu
    20 | D:1      | Noticed a formicid
    20 | D:1      | Noticed a vine stalker
    22 | D:1      | Noticed a troll
    22 | D:1      | Noticed a gargoyle
    24 | D:1      | Noticed a vampire
    24 | D:1      | Noticed a human
    26 | D:1      | Noticed an ogre
    47 | D:1      | Found a faded altar of an unknown god.
   300 | D:1      | Reached skill level 3 in Fighting
   300 | D:1      | Reached XP level 2. HP: 8/26 MP: 3/3
   306 | D:1      | HP: 1/26 [kobold/stone (1)]
   314 | D:1      | Hit by a stone thrown by a kobold

Illustrated notes

Levels and vault maps discovered:
D:1:      kb_arrival_jail, layout_rooms, hellmonk_ecumenical_altar_slurped_away

Skill      XL: |  1 |
---------------+----+-----
Fighting       | 3 |  3.0
Axes           | |  2.8
Throwing       | |  1.0
Armour         | |  1.2
Dodging        | |  2.2
Spellcasting   | |  1.4
Translocations | |  2.2

Action                   || total
-------------------------++-------
Melee: Hand axe          ||    19
       Headbutt          ||     1
Throw: Boomerang         ||     1
  Use: Scroll            ||     1
Armor: Leather armour    ||     4
Dodge: Dodged            ||    17

Table legend: (Time is in decaauts)
 A = Elapsed time spent in this place.
 B = Non-inter-level travel time spent in this place.
 C = Inter-level travel time spent in this place.
 D = Time resting spent in this place.
 E = Time spent auto-exploring this place.
 F = Levels seen in this place.
 G = Mean time per level.
                   A        B        C        D        E       F      G
               +--------+--------+--------+--------+--------+-----+--------+
         Total |    317 |    317 |      0 |      0 |    265 |   1 |  317.0 |
       Dungeon |    317 |    317 |      0 |      0 |    265 |   1 |  317.0 |
               +--------+--------+--------+--------+--------+-----+--------+

Top non-repeatable levels by time:
     D:1: 317 daAuts
